 Dungeon Crawl Stone Soup version 0.27-a0-96-gb51a1d6fd6 (webtiles) character file.

Game seed: 1331471444282368855

7412 Essalna the Thaumaturge (level 10, -15/60 HPs)
             Began as a Deep Elf Air Elementalist on Jan 19, 2021.
             Was a Follower of Vehumet.
             Demolished by Pikel
             ... wielding a +1 whip of electrocution
              (20 damage)
             ... on level 8 of the Dungeon.
             The game lasted 00:28:07 (11066 turns).

Essalna the Thaumaturge (DEAE)                     Turns: 11066, Time: 00:28:08

Health: -15/60     AC:  5    Str:  5    XL:     10   Next: 92%
Magic:  1/27       EV: 20    Int: 24    God:    Vehumet [*.....]
Gold:   590        SH:  0    Dex: 15    Spells: 24/31 levels left

rFire    + . .     SeeInvis .   c - +6 morningstar
rCold    x . .     Faith    .   (no shield)
rNeg     + . .     Spirit   .   h - +1 leather armour "Tawyrr" {rN+}
rPois    .         Reflect  .   (no helmet)
rElec    .         Harm     .   (no cloak)
rCorr    .         Rampage  .   w - +0 pair of gloves
Will     +....                  (no boots)
Stlth    ++........             (no amulet)
HPRegen  0.20/turn              k - ring of fire
MPRegen  0.20/turn              q - +4 ring of evasion

@: no status effects
A: no striking features
a: Renounce Religion


You were on level 8 of the Dungeon.
You worshipped Vehumet.
Vehumet was aware of your devotion.
You visited 2 branches of the dungeon, and saw 10 of its levels.

You collected 590 gold pieces.

Inventory:

Hand Weapons
 c - a +6 morningstar (weapon)
Armour
 a - a +1 robe
 h - the +1 leather armour "Tawyrr" (worn) {rN+}
   (You found it on level 4 of the Dungeon)

   It protects you from negative energy.
 w - a +0 pair of gloves (worn)
 C - +0 pearl dragon scales
Jewellery
 k - a ring of fire (left hand)
 q - a +4 ring of evasion (right hand)
 v - a cursed ring of teleportation {unknown}
 x - a -4 ring of intelligence
 D - a cursed amulet of inaccuracy {unknown}
Wands
 j - a wand of flame (36)
 p - a wand of disintegration (28)
 u - a wand of enslavement (6)
 y - a wand of polymorph (9)
Scrolls
 b - a scroll of blinking
 d - 2 scrolls of fear
 f - 2 scrolls of immolation
 i - a scroll of enchant armour
 s - a scroll of summoning {unknown}
 t - a scroll of fog
 A - 2 scrolls of remove curse
 E - a scroll of magic mapping {unknown}
 G - 2 scrolls of identify
 H - a scroll of teleportation
Potions
 e - 3 potions of might
 g - 5 potions of flight
 l - 5 potions of lignification
 m - 3 potions of berserk rage
 n - 2 potions of resistance
 o - 5 potions of curing
 r - 2 potions of heal wounds
 z - a potion of magic
 B - a potion of mutation
 F - 2 potions of haste {unknown}


   Skills:
 + Level 5.6 Fighting
 - Level 5.0 Armour
 + Level 8.6 Dodging
 - Level 2.4 Stealth
 + Level 11.2 Spellcasting
 - Level 4.0 Conjurations
 + Level 8.9 Air Magic


You had 24 spell levels left.
You knew the following spells:

 Your Spells              Type           Power        Failure   Level
a - Shock                 Conj/Air       100%         1%          1
b - Swiftness             Air            54%          1%          2
c - Airstrike             Air            27%          1%          4

Your spell library contained the following spells:

 Spells                   Type           Power        Failure   Level
 Sandblast                Erth           26%          8%          1
 Magic Dart               Conj           100%         1%          1
 Static Discharge         Conj/Air       44%          1%          3
 Searing Ray              Conj           64%          2%          2
 Mephitic Cloud           Conj/Pois/Air  34%          3%          3
 Animate Skeleton         Necr           26%          8%          1
 Pain                     Necr           52%          8%          1
 Conjure Flame            Conj/Fire      34%          10%         3
 Dazzling Flash           Conj/Hex       46%          10%         3
 Blink                    Tloc           N/A          11%         2
 Call Imp                 Summ           13%          11%         2
 Slow                     Hex            13%          11%         2
 Lightning Bolt           Conj/Air       22%          14%         5
 Vampiric Draining        Necr           6%           22%         3
 Fulminant Prism          Conj/Hex       11%          32%         4
 Iskenderun's Mystic Bla  Conj/Tloc      23%          32%         4
 Animate Dead             Necr           6%           58%         4
 Agony                    Necr           13%          90%         5


Dungeon Overview and Level Annotations

Branches:
Dungeon (9/15)             Temple (1/1) D:6
   Lair: D:8-11         Orc: D:9-12

Altars:
Ashenzari
Cheibriados
Dithmenos
Elyvilon
Fedhas
Gozag
Hepliaklqana
Kikubaaqudgha
Makhleb
Nemelex Xobeh
Okawaru
Qazlal
Ru
Sif Muna
Trog
Uskayaw
Vehumet
Wu Jian
Xom
Yredelemnul
Zin
The Shining One

Shops:
D:6 [   D:7 (

Annotations:
D:9 Pikel


Message History

The lemure closely misses you. Something barely misses you.
Aiming: Shock (safe; 1% risk of failure)
Press: ? - help, Q - select action, (/) - cycle Shift-Dir - straight line, f/p - lemure
Aim: a lemure (almost dead, 33% to evade)
The zap hits the lemure.
The lemure is almost dead.
The lemure hits you.
* * * LOW HITPOINT WARNING * * *
Something hits you but does no damage.
Aiming: Shock (safe; 1% risk of failure)
Press: ? - help, Q - select action, (/) - cycle Shift-Dir - straight line, f/p - lemure
Aim: a lemure (almost dead, 33% to evade)
The zap hits the lemure.
You kill the lemure!
That felt strangely unrewarding.
Something hits you!
* * * LOW HITPOINT WARNING * * *
Something barely misses you. Something hits you but does no damage.
You are electrocuted!!
You die...

#........#######
#...............
#.........#.#..#
#.........#.....
##############......#
#......######........
#.....<##.>..........
#......##.####...##..
#.[.@.....##.....#...
#......#####)..#....(
#......####...##.....
#...........#........
####..#####.#####....
#....#####..........
###.................
##..####..........
##.#....####.....


There were no monsters in sight!

Vanquished Creatures
  A fire dragon (D:7)
  Harold (D:8)
  A two-headed ogre (D:8)
  Joseph (D:7)
  Prince Ribbit (D:6)
  Grinder (D:3)
  Grum (D:8)
  Menkaure (D:5)
  Duvessa (D:6)
  Edmund (D:6)
  A water moccasin (D:8)
  2 sky beasts
  2 ice beasts
  A black bear (D:4)
  A necrophage (D:8)
  3 phantoms (D:8)
  7 ogres
  4 centaurs
  3 wolves
  2 lemures (D:8)
  A big kobold (D:4)
  4 bullfrogs
  Dowan (D:6)
  2 scorpions
  A water moccasin skeleton (D:7)
  12 wights
  2 bullfrog zombies
  2 jellies
  5 orc priests
  4 hounds
  Natasha (D:2)
  2 bullfrog skeletons
  An iguana (D:6)
  5 orc wizards
  6 worker ants
  A hound zombie (D:9)
  A worker ant zombie (D:7)
  4 gnolls (D:2)
  8 adders
  A shadow imp (D:7)
  2 white imps (D:7)
  An adder skeleton (D:5)
  An adder zombie (D:7)
  5 worms
  3 dart slugs (D:2)
  3 leopard geckos
  13 orcs
  2 ball pythons
  8 giant cockroaches
  9 goblins
  5 hobgoblins
  6 jackals
  8 kobolds
  4 quokkas
  A ball python zombie (D:6)
  18 bats
  7 frilled lizards
  A leopard gecko skeleton (D:5)
  A quokka skeleton (D:5)
  4 rats
202 creatures vanquished.

Vanquished Creatures (others)
  30 fungi (D:9)
  42 plants
72 creatures vanquished.

Grand Total: 274 creatures vanquished

Notes
Turn   | Place    | Note
-------+----------+-------------------------------------------
     0 | D:1      | Essalna the Deep Elf Air Elementalist began the quest for
                  | the Orb.
     0 | D:1      | Reached XP level 1. HP: 10/10 MP: 6/6
   190 | D:1      | Reached XP level 2. HP: 15/15 MP: 5/8
   919 | D:3      | Reached XP level 3. HP: 19/19 MP: 3/10
  1117 | D:3      | Reached skill level 4 in Spellcasting
  1117 | D:3      | Reached XP level 4. HP: 18/24 MP: 3/12
  1289 | D:3      | Found an iron altar of Okawaru.
  1298 | D:3      | Noticed Grinder
  1318 | D:3      | Paralysed by Grinder for 2 turns
  1327 | D:3      | Paralysed by Grinder for 7 turns
  1337 | D:3      | Killed Grinder
  1338 | D:3      | Reached skill level 5 in Spellcasting
  1338 | D:3      | Reached XP level 5. HP: 13/28 MP: 0/15
  1338 | D:3      | Reached XP level 6. HP: 15/32 MP: 0/16
  1341 | D:3      | Learned a level 2 spell: Swiftness
  1346 | D:3      | Learned a level 4 spell: Airstrike
  1517 | D:3      | Found a sacrificial altar of Ru.
  2294 | D:2      | Noticed Natasha
  2298 | D:2      | Reached skill level 6 in Spellcasting
  2298 | D:2      | Reached skill level 5 in Air Magic
  2305 | D:2      | Killed Natasha
  3123 | D:4      | Reached XP level 7. HP: 36/36 MP: 10/19
  3239 | D:4      | Got a fading leather armour
  3250 | D:4      | Identified the +1 leather armour "Tawyrr" {rN+} (You found
                  | it on level 4 of the Dungeon)
  3282 | D:4      | Reached skill level 7 in Spellcasting
  3367 | D:4      | Found a hazy altar of Hepliaklqana.
  3482 | D:4      | Found an ornate altar of the Wu Jian Council.
  3784 | D:4      | Found a sacrificial altar of Ru.
  4515 | D:5      | Entered Level 5 of the Dungeon
  4551 | D:5      | Found an ancient bone altar of Kikubaaqudgha.
  4612 | D:5      | Found a shimmering blue altar of Sif Muna.
  4620 | D:5      | Reached skill level 1 in Fighting
  4759 | D:5      | Reached skill level 1 in Armour
  5092 | D:5      | Noticed Menkaure
  5095 | D:5      | Killed Menkaure
  5096 | D:5      | Reached XP level 8. HP: 36/44 MP: 8/21
  5695 | D:6      | Reached skill level 8 in Spellcasting
  5753 | D:6      | Found a staircase to the Ecumenical Temple.
  5765 | Temple   | Entered the Ecumenical Temple
  5892 | Temple   | Became a worshipper of Vehumet
  6008 | D:6      | Noticed Edmund
  6021 | D:6      | Killed Edmund
  6094 | D:6      | Noticed Prince Ribbit
  6098 | D:6      | Killed Prince Ribbit
  6308 | D:6      | Reached skill level 5 in Dodging
  6444 | D:6      | Found Ybeurgh Cedd's Antique Armour Boutique.
  6445 | D:6      | Noticed Duvessa
  6445 | D:6      | Noticed Dowan
  6449 | D:6      | Killed Duvessa
  6450 | D:6      | Reached XP level 9. HP: 50/50 MP: 6/23
  6452 | D:6      | Killed Dowan
  6815 | D:6      | Reached skill level 9 in Spellcasting
  7125 | D:6      | Found a white marble altar of Elyvilon.
  7582 | D:7      | Noticed Joseph
  7713 | D:7      | Killed Joseph
  7975 | D:7      | Reached * piety under Vehumet
  7975 | D:7      | Offered knowledge of Foxfire by Vehumet.
  8251 | D:7      | Found Gauclaw's Weapon Shoppe.
  8808 | D:7      | Noticed a fire dragon
  8859 | D:7      | Killed a fire dragon
  8860 | D:7      | Reached skill level 10 in Spellcasting
  8860 | D:7      | Reached XP level 10. HP: 58/58 MP: 7/26
  9448 | D:8      | Found a blossoming altar of Fedhas.
  9591 | D:8      | Noticed a two-headed ogre
  9595 | D:8      | Killed a two-headed ogre
  9783 | D:8      | Reached skill level 5 in Fighting
  9808 | D:8      | Reached skill level 5 in Armour
  9858 | D:8      | Noticed Harold
  9865 | D:8      | Killed Harold
 10211 | D:8      | Noticed Grum
 10213 | D:8      | Reached skill level 11 in Spellcasting
 10349 | D:8      | Killed Grum
 10598 | D:8      | Offered knowledge of Sandblast by Vehumet.
 10825 | D:9      | Noticed Pikel
 11066 | D:8      | Demolished by Pikel

Illustrated notes

Levels and vault maps discovered:
D:1:      mrwooster_arrival_arrow, layout_rooms
D:2:      kennysheep_six_static_rooms, layout_basic, uniq_natasha
D:3:      layout_loops_ring, nicolae_overflow_hidden_temple, okawaru_gym_becter,
          uniq_grinder
D:4:      layout_basic, lemuel_round_altar, lemuel_round_altar,
          serial_bayou_lagoon_a, nicolae_ru_the_path_less_chosen
D:5:      layout_basic, lemuel_crystal_altar, basic_altar, uniq_menkaure
D:6:      layout_rooms, marbit_many_paths, minmay_temple_entry_tees,
          serial_shops, shop, grunt_ministairs_10, lightli_corner_chamber,
          uniq_prince_ribbit1, uniq_edmund, uniq_duvessa
D:7:      layout_rooms, serial_shops, nicolae_shop_stone, roderic_st_hans_cross,
          minmay_three_doors, uniq_joseph
D:8:      layout_rooms, fedhas_altar_2, grunt_ogre_cave, uniq_grum, uniq_harold
D:9:      layout_cave_pods, due_lair_maze_entry_diamond, basic_altar,
          hangedman_decor_peaks_small, uniq_pikel, uniq_erolcha
Temple:   eino_temple_scatter_basement

Skill      XL: |  1  2  3  4  5  6  7  8  9 10 |
---------------+-------------------------------+-----
Conjurations   | 2 4 |  4.0
Spellcasting   | 4 5 6 7 8 10 11 | 11.2
Air Magic      | 4 5 6 8 |  8.9
Fighting       | 1 3 4 5 |  5.6
Dodging        | 3 5 7 8 |  8.6
Armour         | 1 3 4 5 |  5.0
Stealth        | |  2.4

Action                   |  1- 3 |  4- 6 |  7- 9 | 10-12 || total
-------------------------+-------+-------+-------+-------++-------
Melee: Unarmed           |     1 |     4 |     3 |       ||     8
       Morningstar       |       |       |    17 |     5 ||    22
 Cast: Shock             |    70 |   125 |   140 |    12 ||   347
       Airstrike         |       |       |    81 |    71 ||   152
       Swiftness         |       |       |     1 |       ||     1
  Use: Scroll            |       |     8 |    12 |       ||    20
 Stab: Distracted        |       |       |     1 |       ||     1
Armor: Robe              |     3 |    10 |       |       ||    13
       Leather armour    |       |       |     6 |     4 ||    10
Dodge: Dodged            |     8 |    28 |    63 |    36 ||   135

Table legend: (Time is in decaauts)
 A = Elapsed time spent in this place.
 B = Non-inter-level travel time spent in this place.
 C = Inter-level travel time spent in this place.
 D = Time resting spent in this place.
 E = Time spent auto-exploring this place.
 F = Levels seen in this place.
 G = Mean time per level.
                   A        B        C        D        E       F      G
               +--------+--------+--------+--------+--------+-----+--------+
         Total |  11104 |  10462 |    642 |    801 |   8363 |  10 | 1110.4 |
       Dungeon |  10958 |  10350 |    608 |    801 |   8254 |   9 | 1217.6 |
        Temple |    145 |    111 |     34 |      0 |    109 |   1 |  145.0 |
               +--------+--------+--------+--------+--------+-----+--------+

Top non-repeatable levels by time:
     D:7: 1979 daAuts
     D:6: 1768 daAuts
     D:3: 1446 daAuts
     D:4: 1351 daAuts
     D:8: 1311 daAuts
     D:5: 1244 daAuts
     D:2: 981 daAuts
     D:1: 758 daAuts
  Temple: 145 daAuts
     D:9: 116 daAuts
